 Dungeon Crawl Stone Soup version 0.25.0-46-gbd7b0854d2 (webtiles) character file.

Game seed: 9382062661527504537

42 Ethylacetat the Gusty (level 3, 0/21 HPs)
             Began as an Octopode Air Elementalist on July 15, 2020.
             Slain by an iguana (9 damage)
             ... on level 3 of the Dungeon.
             The game lasted 00:02:39 (2442 turns).

Ethylacetat the Gusty (Octopode Air Elementalist)   Turns: 2442, Time: 00:02:40

Health: 0/21       AC:  1    Str:  7    XL:     3   Next: 56%
Magic:  4/6        EV: 13    Int: 18    God:
Gold:   105        SH:  0    Dex: 12    Spells: 5/6 levels left

rFire    . . .     SeeInvis .   e - +0 dagger
rCold    . . .     Gourm    .   (no shield)
rNeg     . . .     Faith    .   (helmet restricted)
rPois    .         Spirit   .   (no amulet)
rElec    .         Reflect  .   (no ring)
rCorr    .         Harm     .   (no ring)
MR       .....                  (no ring)
Stlth    +++.......             (no ring)
HPRegen  0.07/turn              (no ring)
MPRegen  0.10/turn              (no ring)
                                (no ring)
                                (no ring)

@: no status effects
A: almost no armour, stealthy swim, amphibious, 8 rings, constrict 8, camouflage
1, gelatinous body 1
a: no special abilities


You were on level 3 of the Dungeon.
You were hungry.

You visited 1 branch of the dungeon, and saw 3 of its levels.

You collected 105 gold pieces.

Inventory:

Hand Weapons
 e - a +0 dagger (weapon)
Scrolls
 d - 2 scrolls of immolation {unknown}
 f - 2 scrolls of identify {unknown}
 g - 2 scrolls of teleportation {unknown}
 k - a scroll of noise {unknown}
 m - a scroll of blinking {unknown}
 n - a scroll of enchant weapon {unknown}
Potions
 a - a potion of might {unknown}
 c - 3 potions of degeneration {unknown}
 h - 2 potions of ambrosia {unknown}
 i - a potion of curing {unknown}
 j - 2 potions of magic {unknown}
 l - a potion of invisibility {unknown}
Comestibles
 b - 4 rations


   Skills:
 - Level 2.0 Dodging
 - Level 2.6 Stealth
 + Level 2.3 Spellcasting
 * Level 2.2 Conjurations
 * Level 3.6 Air Magic


You had 5 spell levels left.
You knew the following spells:

 Your Spells              Type           Power        Failure   Level  Hunger
a - Shock                 Conj/Air       ##..         5%          1    #......

Your spell library contained the following spells:

 Spells                   Type           Power        Failure   Level  Hunger
 Swiftness                Chrm/Air       #.......     13%         2    ##.....
 Static Discharge         Conj/Air       ##......     16%         3    ###....
 Airstrike                Air            ###.......   36%         4    #####..
 Lightning Bolt           Conj/Air       ##........   82%         5    ######.


Dungeon Overview and Level Annotations

Branches:
Dungeon (3/15)

Altars:


Innate Abilities, Weirdness & Mutations

You cannot wear most types of armour.
You are very stealthy in the water. (Stealth+)
You are amphibious.
You can wear up to eight rings at the same time.
You can use your tentacles to constrict eight enemies at once.
Your skin changes colour to match your surroundings (Stealth+).
Your rubbery body absorbs attacks. (AC +1, EV +1)


Message History

Found 22 stones.
m - a scroll labeled XUKIJANAVI
n - a scroll labeled ORIRAM HAFFI An iguana comes into view.
Casting: Shock (safe; 5% risk of failure)
Confirm with . or Enter, or press ? or * to list all spells.
Aiming: Shock (safe; 5% risk of failure)
Press: ? - help, Shift-Dir - straight line The zap hits the iguana.
The iguana is lightly wounded.
The zap hits the iguana.
The iguana is moderately wounded.
The iguana bites you!
Ouch! That really hurt!
Casting: Shock (safe; 5% risk of failure)
Confirm with . or Enter, or press ? or * to list all spells.
Aiming: Shock (safe; 5% risk of failure)
Press: ? - help, Shift-Dir - straight line The zap misses the iguana. x2; The iguana bites you!
You die...

#.# .# #. #.# .#
#. #.# .#
#.##.####.#
####.........#
......#.###.(#
###...#...#..#
#...###.#..#
#..l@...#..#
#..######..#
#..<<...#..#
#.#.#.#.#..#####.#
#.#.#.#........#
#...#.#...######
######.#...#
#...........#
#.#.....##..#


You could see an iguana.

Vanquished Creatures
  An adder (D:2)
  A worm (D:2)
  A dart slug (D:1)
  2 bats (D:1)
  2 giant cockroaches
  6 goblins
  4 hobgoblins
  A frilled lizard (D:2)
  5 kobolds
  5 rats
28 creatures vanquished.

Notes
Turn   | Place    | Note
-------+----------+-------------------------------------------
     0 | D:1      | Ethylacetat the Octopode Air Elementalist began the quest
                  | for the Orb.
     0 | D:1      | Reached XP level 1. HP: 11/11 MP: 3/3
   651 | D:1      | Reached XP level 2. HP: 17/17 MP: 5/5
  1435 | D:2      | Reached XP level 3. HP: 20/21 MP: 6/6
  2442 | D:3      | Slain by an iguana

Illustrated notes

Levels and vault maps discovered:
D:1:      dpeg_arrival_short_road, layout_basic, roderic_serpentine_path
D:2:      layout_basic, first_ration, chequers_arboretum
D:3:      layout_basic

Skill      XL: |  1  2 |
---------------+-------+-----
Conjurations   | 2 |  2.2
Dodging        | |  2.0
Stealth        | |  2.6
Spellcasting   | |  2.3
Air Magic      | |  3.6

Action                   || total
-------------------------++-------
Melee: Unarmed           ||    15
       Constrict         ||    15
       Dagger            ||    51
       Tentacles         ||    10
 Cast: Shock             ||    16
 Stab: Sleeping          ||     9
  Eat: Chunk             ||     4
Armor: Skin              ||     6
Dodge: Dodged            ||    48
